 Dungeon Crawl Stone Soup version 0.14-a0-2747-ge969822 (webtiles) character file.

701 Fuzzwah the Cleaver (level 7, 0/85 HPs)
             Began as a Minotaur Berserker on Feb 23, 2014.
             Was an Elder of Trog.
             Succumbed to a worker ant's poison
             ... on Level 4 of the Dungeon.
             The game lasted 00:09:08 (2336 turns).

Fuzzwah the Cleaver (Minotaur Berserker)            Turns: 2336, Time: 00:09:08

HP   0/85        AC  8     Str 26      XL: 7   Next:  9%
MP   3/3         EV 10     Int  4      God: Trog [****..]
Gold 144         SH  0     Dex 12      Spells:  0 memorised,  6 levels left

rFire  . . .     SeeInvis .     m - +0,+1 hammer (crush)
rCold  . . .     Clarity  .     r - +0 ring mail
rNeg   . . .     Conserve .     (no shield)
rPois  .         rCorr    .     (helmet restricted)
rElec  .         rRot     .     l - +1 cloak
SustAb . .       Spirit   .     g - +0 pair of gloves
rMut   .         Warding  .     (no boots)
Saprov . . .     Stasis   .     (no amulet)
MR     .....                    (no ring)
                                (no ring)

@: berserking, mildly poisoned, very quick, not resistant to hostile
enchantments, extremely unstealthy
A: retaliatory headbutt, horns 2
a: Burn Spellbooks, Berserk, Trog's Hand, Brothers in Arms, Renounce Religion


You were on level 4 of the Dungeon.
You worshipped Trog.
Trog was greatly pleased with you.
You were not hungry.

You visited 1 branch of the dungeon, and saw 4 of its levels.

You collected 144 gold pieces.

Inventory:

Hand weapons
 a - a +0,+0 hand axe
 m - a +0,+1 hammer of crushing (weapon)
Armour
 b - a +0 animal skin
 g - a +0 pair of gloves (worn)
 l - a +1 cloak (worn)
 r - a +0 ring mail (worn)
Comestibles
 c - 2 bread rations
Scrolls
 f - 2 scrolls of recharging {unknown}
 i - 3 scrolls of identify {unknown}
 n - a scroll of enchant armour {unknown}
 o - a scroll of curse jewellery {unknown}
 p - a scroll of fear {unknown}
 s - 2 scrolls of immolation {unknown}
Potions
 d - 3 potions of heal wounds {unknown}
 e - a potion of degeneration {unknown}
 h - a potion of curing {unknown}
 j - a potion of speed {unknown}
 k - 3 potions of magic {unknown}
 q - 2 potions of confusion {unknown}
 t - a potion of berserk rage {unknown}
 u - a potion of poison {unknown}


   Skills:
 - Level 3.6 Fighting
 + Level 9.7 Axes
 - Level 2.4 Armour
 - Level 2.1 Dodging


You had 6 spell levels left.
You didn't know any spells.

Dungeon Overview and Level Annotations

Branches:
Dungeon (4/16)
 Temple: D:4-7

Altars:


Innate Abilities, Weirdness & Mutations

You reflexively headbutt those who attack you in melee.
You have a pair of horns on your head.


Message History

You barely miss the iguana. You headbutt the iguana.
The iguana is almost dead.
* * * LOW HITPOINT WARNING * * *
You feel sick. The iguana bites you.
* * * LOW HITPOINT WARNING * * *
You closely miss the iguana. Your headbutt misses the iguana.
The iguana is almost dead.
The iguana bites you.
* * * LOW HITPOINT WARNING * * *
You closely miss the iguana.
The iguana is almost dead.
The iguana bites you.
* * * LOW HITPOINT WARNING * * *
You sock the iguana!
You kill the iguana!
Trog accepts your kill.
Welcome back, Fuzzwah the Minotaur Berserker.
Trog says: Kill them all!
Press ? for a list of commands and other information.
You die...

......... ...........
.............
...............
.#........#.....
................
.................
#####..................
###...#...#.....@....#..
......#####..........#
......#...###........#
.....##.....#.......##.
......#.....#..)........
......##....#...........
...................[....
...))..................
...............(......


There were no monsters in sight!

Vanquished Creatures
  A phantom (D:4)
  Sigmund (D:2)
  The ghost of n1000 the Chopper, a weakling HOBe of Trog (D:3)
  A hound (D:4)
  Crazy Yiuf (D:2)
  An orc priest (D:4)
  An iguana (D:4)
  Natasha (thrice) (D:3)
  A worker ant (D:4)
  4 gnolls (D:3)
  4 adders
  A giant mite (D:4)
  An inept item mimic (D:2)
  An iguana skeleton (D:4)
  2 giant geckos
  7 orcs (D:4)
  10 bats
  4 giant cockroaches
  8 hobgoblins
  8 jackals
  12 kobolds
  A ball python (D:1)
  3 giant newts
  3 goblins
  12 rats
92 creatures vanquished.

Notes
Turn   | Place    | Note
--------------------------------------------------------------
     0 | D:1      | Fuzzwah, the Minotaur Berserker, began the quest for the Orb.
     0 | D:1      | Reached XP level 1. HP: 19/19 MP: 1/1
    81 | D:1      | Reached skill level 4 in Axes
   105 | D:1      | Reached XP level 2. HP: 16/26 MP: 1/1
   321 | D:1      | Acquired Trog's second power
   535 | D:1      | Reached skill level 5 in Axes
   826 | D:1      | Reached XP level 3. HP: 31/31 MP: 2/2
  1072 | D:2      | Noticed Crazy Yiuf
  1078 | D:2      | Killed Crazy Yiuf
  1078 | D:2      | Reached skill level 6 in Axes
  1078 | D:2      | Reached XP level 4. HP: 39/39 MP: 2/2
  1184 | D:2      | Noticed Sigmund
  1191 | D:2      | Killed Sigmund
  1191 | D:2      | Reached skill level 7 in Axes
  1191 | D:2      | Reached XP level 5. HP: 45/45 MP: 2/2
  1505 | D:3      | Noticed Natasha
  1510 | D:3      | Killed Natasha
  1617 | D:3      | Reached skill level 8 in Axes
  1659 | D:3      | Noticed Natasha
  1666 | D:3      | Killed Natasha
  1730 | D:3      | Noticed n1000's ghost (weakling HOBe)
  1736 | D:3      | Killed n1000's ghost
  1736 | D:3      | Reached XP level 6. HP: 51/51 MP: 3/3
  1919 | D:3      | Noticed Natasha
  1923 | D:3      | Killed Natasha
  1923 | D:3      | Acquired Trog's third power
  2073 | D:4      | Reached skill level 9 in Axes
  2319 | D:4      | Reached XP level 7. HP: 35/57 MP: 3/3
  2333 | D:4      | HP: 3/85 [iguana (4)]
  2334 | D:4      | HP: 1/85 [iguana (3)]
  2336 | D:4      | Succumbed to a worker ant's poison

Action                   |  1- 3 |  4- 6 |  7- 9 || total
-------------------------+-------+-------+-------++-------
Melee: Hand axe          |    98 |       |       ||    98
       Hammer            |       |   106 |     9 ||   115
Invok: Berserk           |     1 |     3 |     1 ||     5
